 Dungeon Crawl Stone Soup version 0.23-b1-84-g6588a6b (webtiles) character file.

Game seed: 7235143873976528282

45 thriggle the Sneak (level 3, -3/29 HPs)
             Began as a Human Wanderer on Feb 8, 2019.
             Slain by a gnoll (5 damage)
             ... on level 2 of the Dungeon.
             The game lasted 00:09:00 (1714 turns).

thriggle the Sneak (Human Wanderer)                 Turns: 1714, Time: 00:09:00

Health: -3/29      AC:  3    Str: 13    XL:     3   Next: 90%
Magic:  3/3        EV: 12    Int: 12    God:
Gold:   36         SH:  4    Dex: 12    Spells: 2/2 levels left

rFire    . . .     SeeInvis .   c - +1 short sword
rCold    . . .     Gourm    .   (no shield)
rNeg     . . .     Faith    .   w - +0 leather armour
rPois    .         Spirit   .   (no helmet)
rElec    .         Reflect  +   (no cloak)
rCorr    .         Harm     .   (no gloves)
MR       .....                  (no boots)
Stlth    ++........             m - +4 amulet of reflection
HPRegen  0.09/turn              (no ring)
MPRegen  0.08/turn              (no ring)

@: no status effects
A: no striking features
a: no special abilities


You were on level 2 of the Dungeon.
You were not hungry.

You visited 1 branch of the dungeon, and saw 2 of its levels.

You collected 36 gold pieces.

Inventory:

Hand Weapons
 c - a +1 short sword (weapon)
 j - a +0 hand axe
Armour
 e - a +0 robe
 i - a +0 robe
 w - a +0 leather armour (worn)
Jewellery
 m - a +4 amulet of reflection (around neck)
 q - an uncursed ring of teleportation
Wands
 n - a wand of acid (5)
Scrolls
 b - a scroll of blinking
 d - 2 scrolls of teleportation
 h - a scroll of identify
 k - a scroll of magic mapping
 r - a scroll of enchant weapon
 s - a scroll of remove curse
Potions
 a - a potion of haste
 t - a potion of degeneration {unknown}
 v - a potion of agility {unknown}
Comestibles
 g - a ration
 o - 2 chunks of flesh


   Skills:
 + Level 3.5 Fighting
 + Level 1.8 Short Blades
 + Level 2.4 Dodging
 + Level 3.5 Stealth
 + Level 1.0 Unarmed Combat


You had 2 spell levels left.
You didn't know any spells.
Your spell library was empty.

Dungeon Overview and Level Annotations

Branches:
Dungeon (2/15)

Altars:
The Shining One


Message History

The gnoll is moderately wounded.
The gnoll barely misses you. The gnoll hits you but does no damage.
The gnoll hits you from afar with a +0 spear.
You hit the gnoll.
The gnoll is heavily wounded.
The gnoll closely misses you. The gnoll misses you.
The gnoll hits you from afar with a +0 spear!
* * * LOW HITPOINT WARNING * * *
You barely miss the gnoll. The gnoll hits you but does no damage.
You block the gnoll's attack.
The gnoll hits you from afar with a +0 spear.
* * * LOW HITPOINT WARNING * * *
As you read the scroll labeled OJARHUMAMO, it crumbles to dust.
It is a scroll of enchant weapon.
Your +0 short sword glows red for a moment.
The gnoll barely misses you. x3
As you read the scroll labeled QOFEGI USADUSA, it crumbles to dust.
You hear a crunching sound.
It was a scroll of random uselessness.
The gnoll hits you.
You die...

........###########
........#.........#
###.....#.........#
#................##
#..................
#......(.........##
#.........#+#<..##
#.........#.#####
#.........#...g@#
#####.##.######g#
#. #.. #g# #. #.r
#S# #.# #)# #.# $.#


You could see 3 gnolls and an adder.

Vanquished Creatures
  An adder zombie (D:1)
  3 leopard geckos
  3 giant cockroaches
  3 goblins
  8 hobgoblins
  A ball python (D:2)
  6 bats
  3 frilled lizards (D:1)
  A giant cockroach zombie (D:1)
  4 kobolds
  4 rats
37 creatures vanquished.

Notes
Turn   | Place    | Note
-------+----------+-------------------------------------------
     0 | D:1      | thriggle the Human Wanderer began the quest for the Orb.
     0 | D:1      | thriggle set off with the following items: a potion of
                  | haste, a scroll of blinking, a +0 short sword, a scroll of
                  | teleportation, a +0 robe, a +0 dagger, a ration
     0 | D:1      | Reached XP level 1. HP: 18/18 MP: 1/1
   280 | D:1      | Reached XP level 2. HP: 24/24 MP: 2/2
   814 | D:1      | Found a glowing golden altar of the Shining One.
   833 | D:1      | Reached XP level 3. HP: 29/29 MP: 3/3
  1714 | D:2      | Slain by a gnoll

Action                   || total
-------------------------++-------
Melee: Short sword       ||   173
  Use: Scroll            ||     5
       Potion            ||     1
 Stab: Sleeping          ||     5
  Eat: Ration            ||     1
       Chunk             ||     1
Armor: Robe              ||    43
       Leather armour    ||     2
Dodge: Dodged            ||   134
Block: Other             ||    24
       Reflection        ||     2
